 Dungeon Crawl Stone Soup version 0.28.0-45-g0d030f2227 (webtiles) character file.

Game seed: 18003862255964151763

1386 Iusername the Covered (level 8, 0/70 HPs)
             Began as a Minotaur Fighter on Apr 5, 2022.
             Was an Initiate of Dithmenos.
             Slain by a wolf (3 damage)
             ... on level 8 of the Dungeon.
             The game lasted 00:16:25 (6966 turns).

Iusername the Covered (Minotaur Fighter)            Turns: 6966, Time: 00:16:25

Health: 0/70       AC: 10    Str: 20    XL:     8   Next: 40%
Magic:  8/8        EV: 11    Int:  7    God:    Dithmenos [......]
Gold:   216        SH:  5    Dex: 13    Spells: 9/9 levels left

rFire   . . .      SeeInvis .   m - +3 short sword
rCold   . . .      Faith    .   c - +0 buckler
rNeg    . . .      Spirit   .   i - +3 ring mail
rPois   +          Reflect  .   (helmet restricted)
rElec   .          Harm     .   (no cloak)
rCorr   .          Rampage  .   (no gloves)
Will    .....                   j - +0 pair of boots
Stlth   +.........              (no amulet)
HPRegen 0.21/turn               q - ring of poison resistance
MPRegen 0.11/turn               (no ring)

@: no status effects
A: horns 2, retaliatory headbutt, agile 1, evolution 1
a: Renounce Religion


You were on level 8 of the Dungeon.
You worshipped Dithmenos.
Dithmenos was noncommittal.
You visited 2 branches of the dungeon, and saw 7 of its levels.

You collected 255 gold pieces.
You spent 39 gold pieces at shops.

Inventory:

Hand Weapons
 g - a +2 hand axe of flaming
 m - a +3 short sword (weapon)
 t - a +0 vorpal glaive
Missiles
 e - a throwing net (quivered)
Armour
 b - a +0 scale mail
 c - a +0 buckler (worn)
 i - a +3 ring mail (worn)
 j - a +0 pair of boots (worn)
 u - +0 swamp dragon scales
Jewellery
 l - an amulet of magic regeneration
 q - a ring of poison resistance (left hand)
Scrolls
 d - a scroll of teleportation {unknown}
 f - a scroll of noise {unknown}
 h - a scroll of silence {unknown}
 k - 2 scrolls of enchant armour {unknown}
 o - a scroll of brand weapon {unknown}
 p - 2 scrolls of identify {unknown}
 r - a scroll of vulnerability {unknown}
 s - 2 scrolls of summoning {unknown}
Potions
 a - a potion of haste {unknown}


   Skills:
 + Level 5.6 Fighting
 + Level 5.4(5.5) Short Blades
 + Level 1.9(4.2) Long Blades
 + Level 1.9(3.4) Axes
 + Level 1.9(2.7) Maces & Flails
 + Level 3.8(4.3) Polearms
 + Level 1.9(3.4) Staves
 + Level 1.7(2.1) Slings
 + Level 1.7 Bows
 + Level 1.7 Crossbows
 + Level 1.5(1.9) Throwing
 + Level 6.6 Armour
 + Level 3.3 Dodging
 + Level 1.9 Stealth
 + Level 6.0 Shields
 + Level 1.7 Unarmed Combat
 + Level 1.0 Spellcasting
 + Level 1.1 Conjurations
 + Level 1.0 Hexes
 + Level 1.7 Summonings
 + Level 1.1 Necromancy
 + Level 1.1 Translocations
 + Level 1.2 Transmutations
 + Level 1.5 Fire Magic
 + Level 1.1 Ice Magic
 + Level 1.1 Air Magic
 + Level 1.2 Earth Magic
 + Level 1.3 Poison Magic
 + Level 1.5 Invocations
 + Level 1.3 Evocations


You had 9 spell levels left.
You didn't know any spells.
Your spell library contained the following spells:

 Spells                   Type           Power      Damage    Failure   Level
 Foxfire                  Conj/Fire      8%         2x1d4     45%         1
 Poisonous Vapours        Pois/Air       4%         N/A       61%         2
 Corpse Rot               Necr/Air       2%         N/A       63%         2
 Conjure Flame            Conj/Fire      2%         6-21      83%         3
 Inner Flame              Hex/Fire       2%         N/A       83%         3
 Ozocubu's Armour         Ice            1%         N/A       85%         3
 Flame Wave               Conj/Fire      2%         2d4       99%         4
 Metabolic Englaciation   Hex/Ice        0%         N/A       100%        5
 Simulacrum               Ice/Necr       0%         N/A       100%        6


Dungeon Overview and Level Annotations

Branches:
Dungeon (8/15)             Temple (1/1) D:6
   Lair: D:8-11

Altars:
Ashenzari
Cheibriados
Dithmenos
Elyvilon
Fedhas
Gozag
Hepliaklqana
Kikubaaqudgha
Nemelex Xobeh
Okawaru
Qazlal
Ru
Sif Muna
Trog
Uskayaw
Xom
The Shining One

Shops:
D:1 !   D:7 [


Innate Abilities, Weirdness & Mutations

You have a pair of horns on your head.
You reflexively headbutt those who attack you in melee.
You are agile. (Dex +2)
You have hidden genetic potential.


Message History

The centaur zombie hits you but does no damage.
The centaur zombie barely misses you.
You hit the centaur zombie.
The centaur zombie is heavily damaged.
You block the centaur zombie's attack. The centaur zombie barely misses you.
You hit the centaur zombie. You headbutt the centaur zombie.
The centaur zombie is severely damaged.
The centaur zombie hits you.
The centaur zombie kicks you but does no damage.
A wolf comes into view.
The electric eel shoots out a bolt of lightning at you!
The bolt of electricity hits you! x2
You hear a bark!
You hear a shout!
You hit the centaur zombie. You headbutt the centaur zombie.
You destroy the centaur zombie!
Dithmenos accepts your kill.
A hound comes into view.
The electric eel shoots out a bolt of lightning at you!
The bolt of electricity misses you. The bolt of electricity hits you!
The electric eel shoots out a bolt of lightning at you!
The bolt of electricity hits you!
* * * LOW HITPOINT WARNING * * *
The wolf bites you.
* * * LOW HITPOINT WARNING * * *
The wolf bites you but does no damage.
A troll comes into view.
You hit the wolf.
The wolf is lightly wounded.
The wolf barely misses you. The wolf bites you!
* * * LOW HITPOINT WARNING * * *
You miss the wolf. Your headbutt misses the wolf.
The wolf is lightly wounded.
The wolf bites you but does no damage. The wolf bites you.
* * * LOW HITPOINT WARNING * * *
You closely miss the wolf.
The wolf is lightly wounded.
The wolf bites you!
* * * LOW HITPOINT WARNING * * *
You block the wolf's attack. The wolf bites you.
You die...

hhh≈≈≈≈≈≈≈.?#
≈≈≈≈≈.≈≈≈≈...#
≈≈≈≈≈h.≈≈≈...#
≈≈≈≈≈≈T.≈≈...#
≈≈≈≈..S.≈. ..#
≈≈≈...... ...#
###...#h##..#
.......hh..#
#######.@###
#..#
#..########
#........<#
##.########
...# #####


You could see a troll, 3 wolves, a hound and an electric eel.

Vanquished Creatures
  Maggie (D:7)
  A kobold demonologist (D:7)
  2 water moccasins
  A centaur (D:6)
  A kobold brigand (D:7)
  A bullfrog (D:7)
  A gnoll sergeant (D:7)
  A howler monkey (D:6)
  A centaur zombie (D:8)
  A jelly (D:7)
  3 gnolls (D:7)
  6 adders
  3 white imps (D:7)
  An adder zombie (D:2)
  2 dart slugs (D:1)
  6 orcs
  11 ball pythons
  3 bats
  9 endoplasms
  3 giant cockroaches
  2 goblins
  6 hobgoblins
  10 jackals (D:2)
  A ball python skeleton (D:2)
  3 frilled lizards
  A jackal skeleton (D:2)
  14 kobolds
  4 rats
99 creatures vanquished.

Vanquished Creatures (others)
  3 withered plants (D:2)
3 creatures vanquished.

Grand Total: 102 creatures vanquished

Notes
Turn   | Place    | Note
-------+----------+-------------------------------------------
     0 | D:1      | Iusername the Minotaur Fighter began the quest for the Orb.
     0 | D:1      | Reached XP level 1. HP: 19/19 MP: 0/0
    43 | D:1      | Found Uwanaargh's Distillery.
    73 | D:1      | Bought a potion of curing for 39 gold pieces
   444 | D:1      | Reached XP level 2. HP: 21/27 MP: 1/1
  1633 | D:1      | Reached XP level 3. HP: 33/33 MP: 2/2
  2058 | D:2      | Reached XP level 4. HP: 40/40 MP: 3/3
  2197 | D:2      | Reached skill level 1 in Long Blades
  2197 | D:2      | Reached skill level 1 in Axes
  2197 | D:2      | Reached skill level 1 in Maces & Flails
  2197 | D:2      | Reached skill level 1 in Staves
  2197 | D:2      | Reached skill level 1 in Slings
  2197 | D:2      | Reached skill level 1 in Bows
  2197 | D:2      | Reached skill level 1 in Crossbows
  2197 | D:2      | Reached skill level 1 in Throwing
  2197 | D:2      | Reached skill level 5 in Armour
  2197 | D:2      | Reached skill level 1 in Dodging
  2197 | D:2      | Reached skill level 1 in Stealth
  2197 | D:2      | Reached skill level 5 in Shields
  2197 | D:2      | Reached skill level 1 in Unarmed Combat
  2197 | D:2      | Reached skill level 1 in Spellcasting
  2197 | D:2      | Reached skill level 1 in Conjurations
  2197 | D:2      | Reached skill level 1 in Hexes
  2197 | D:2      | Reached skill level 1 in Summonings
  2197 | D:2      | Reached skill level 1 in Necromancy
  2197 | D:2      | Reached skill level 1 in Translocations
  2197 | D:2      | Reached skill level 1 in Transmutations
  2197 | D:2      | Reached skill level 1 in Fire Magic
  2197 | D:2      | Reached skill level 1 in Ice Magic
  2197 | D:2      | Reached skill level 1 in Air Magic
  2197 | D:2      | Reached skill level 1 in Earth Magic
  2197 | D:2      | Reached skill level 1 in Poison Magic
  2197 | D:2      | Reached skill level 1 in Invocations
  2197 | D:2      | Reached skill level 1 in Evocations
  2197 | D:2      | Reached XP level 5. HP: 38/47 MP: 3/5
  2916 | D:3      | You fall into a shaft and drop 3 floors!
  2979 | D:6      | Noticed a centaur
  2985 | D:6      | Killed a centaur
  2986 | D:6      | Reached XP level 6. HP: 39/55 MP: 6/6
  2997 | D:6      | Noticed a water moccasin
  3011 | D:6      | Killed a water moccasin
  3536 | D:6      | Found a staircase to the Ecumenical Temple.
  3549 | Temple   | Entered the Ecumenical Temple
  3563 | Temple   | Became a worshipper of Dithmenos the Shadowed
  3776 | D:6      | Reached skill level 5 in Fighting
  4041 | D:7      | Noticed a kobold demonologist
  4042 | D:7      | Noticed an orange demon
  4069 | D:7      | Noticed a neqoxec
  4075 | D:7      | Killed a kobold demonologist
  4076 | D:7      | Reached XP level 7. HP: 9/61 MP: 7/7
  5760 | D:7      | Reached XP level 8. HP: 30/68 MP: 8/8
  6167 | D:7      | Noticed Maggie
  6188 | D:7      | Killed Maggie
  6189 | D:7      | Reached skill level 5 in Short Blades
  6189 | D:7      | Gained mutation: You have hidden genetic potential. [potion
                  | of mutation]
  6189 | D:7      | Gained mutation: You are agile. (Dex +2) [potion of
                  | mutation]
  6791 | D:7      | Found a snail-covered altar of Cheibriados.
  6791 | D:7      | Found Cheibriados's Comfort Zone.
  6963 | D:8      | Noticed a troll
  6966 | D:8      | HP: 3/70 [wolf (7)]
  6966 | D:8      | Slain by a wolf

Illustrated notes

Levels and vault maps discovered:
D:1:      lemuel_arrival_muddy, layout_loops_ring, serial_shops, shop_coins
D:2:      layout_basic, serial_undead, serial_undead_f, serial_undead_b,
          serial_undead_e, serial_undead_b, minivault_4
D:3:      layout_loops_cross, ebering_ecumenical_altar_mist,
          corexii_corridor_pit, minmay_box_of_dots
D:6:      layout_gridville, minmay_temple_entry_antechambers
D:7:      layout_loops_corners, minmay_shop_chei, uniq_maggie
D:8:      layout_basic, erik_lair_island, st_stairs_8, nicolae_two_hexagons
Temple:   dpeg_three_leaves_temple

Skill      XL: |  1  2  3  4  5  6  7  8 |
---------------+-------------------------+-----
Shields        | 4 5 6 |  6.0
Armour         | 4 5 6 |  6.6
Fighting       | 4 5 |  5.6
Polearms       | 3 |  3.8
Short Blades   | 3 4 5 |  5.4
Long Blades    | 1 |  1.9
Axes           | 1 |  1.9
Maces & Flails | 1 |  1.9
Staves         | 1 |  1.9
Slings         | 1 |  1.7
Bows           | 1 |  1.7
Crossbows      | 1 |  1.7
Throwing       | 1 |  1.5
Dodging        | 1 2 3 |  3.3
Stealth        | 1 |  1.9
Unarmed Combat | 1 |  1.7
Spellcasting   | 1 |  1.0
Conjurations   | 1 |  1.1
Hexes          | 1 |  1.0
Summonings     | 1 |  1.7
Necromancy     | 1 |  1.1
Translocations | 1 |  1.1
Transmutations | 1 |  1.2
Fire Magic     | 1 |  1.5
Ice Magic      | 1 |  1.1
Air Magic      | 1 |  1.1
Earth Magic    | 1 |  1.2
Poison Magic   | 1 |  1.3
Invocations    | 1 |  1.5
Evocations     | 1 |  1.3

Action                   |  1- 3 |  4- 6 |  7- 9 || total
-------------------------+-------+-------+-------++-------
Melee: Trident           |    18 |       |       ||    18
       Headbutt          |     5 |    19 |    19 ||    43
       Hand axe          |    30 |       |       ||    30
       Short sword       |    19 |   126 |    90 ||   235
  Use: Potion            |     1 |     3 |     7 ||    11
 Stab: Sleeping          |       |     1 |       ||     1
Armor: Scale mail        |    12 |       |       ||    12
       Ring mail         |    38 |    71 |    27 ||   136
       Skin              |       |     6 |       ||     6
Dodge: Dodged            |    57 |    88 |    38 ||   183
Block: Buckler           |    19 |    41 |    23 ||    83
